[Event "Titled Tuesday Blitz January 18 2022"]
[White "Lauridsen, Jesper Morch"]
[Black "Srihari L R"]
[WhiteFideId "1401890"]
[BlackFideId "46617116"]
[WhiteElo "2178"]
[BlackElo "2121"]
[Result "1/2-1/2"]
[Round "03"]
[TimeControl "180+1"]
[Date "2022.01.18"]
[WhiteClock "0:00:04"]
[BlackClock "0:00:22"]

1. e4 d6 2. d4 Nf6 3. Nc3 e5 4. Nge2 Be7 5. f3 Nc6 6. Be3 exd4 7. Nxd4 O-O 8. Qd2 d5 9. Nxc6 bxc6 10. e5 Nd7 11. f4 f6 12. Nxd5 fxe5 13. Nxe7+ Qxe7 14. Bc4+ Kh8 15. O-O exf4 16. Bd4 Nb6 17. Bd3 c5 18. Rae1 Qd8 19. Bxc5 Rf5 20. Bxf5 Bxf5 21. Qxd8+ Rxd8 22. Bxb6 cxb6 23. Rxf4 Bxc2 24. Ref1 Kg8 25. h3 Bg6 26. R1f2 h6 27. g4 Kh7 28. h4 h5 29. gxh5 Bxh5 30. Rg2 Rd7 31. Rg5 Bf7 32. Rf2 Bxa2 33. Kh2 Bf7 34. b4 Be8 35. b5 Rd4 36. Kg3 Rd3+ 37. Rf3 Rd4 38. Re3 Bf7 39. Re7 Kg8 40. Rxa7 Rd3+ 41. Kf4 Rd4+ 1/2-1/2


[Site "https://www.chess.com"]

[Event "Titled Tuesday Blitz January 18 2022"]
[White "Leitao, Rafael"]
[Black "Seemann, Jakub"]
[WhiteFideId "2101246"]
[BlackFideId "21874697"]
[WhiteElo "2609"]
[BlackElo "2003"]
[Result "0-1"]
[Round "03"]
[TimeControl "180+1"]
[Date "2022.01.18"]
[WhiteClock "0:00:05"]
[BlackClock "0:00:04"]

1. c4 Nf6 2. Nc3 g6 3. g3 Bg7 4. Bg2 O-O 5. d4 d6 6. Nf3 Nc6 7. O-O Bg4 8. h3 Bxf3 9. Bxf3 Nd7 10. e3 e5 11. d5 Ne7 12. e4 f5 13. Bd2 Nf6 14. Rc1 Qd7 15. Kh2 f4 16. Qa4 c6 17. c5 dxc5 18. Qc4 cxd5 19. Nxd5 Nexd5 20. exd5 b5 21. Qxc5 e4 22. Be2 e3 23. fxe3 fxg3+ 24. Kg2 Ne4 25. Qc6 Qxc6 26. dxc6 Rxf1 27. Bxf1 Nxd2 28. Bxb5 Rc8 29. c7 Be5 30. Rd1 Rxc7 31. Rxd2 Rb7 32. Bc4+ Kg7 33. b3 Re7 34. Rd8 h5 35. Rg8+ Kh6 36. Bd3 Bg7 37. Kf3 g2 38. Kxg2 Rxe3 39. Bc4 Be5 40. h4 Rg3+ 41. Kf2 Rg4 42. Bd3 Bg3+ 43. Ke2 Bxh4 44. Ra8 Rg2+ 45. Kf3 Rxa2 46. Rg8 Rf2+ 47. Ke3 Rg2 48. Kf3 Rg3+ 49. Ke4 Rg4+ 50. Kf3 Bf6 51. Be4 Be5 52. Re8 Rf4+ 53. Ke3 Bc7 54. Rc8 Bd6 55. Rd8 Rf6 56. Kd4 Kg5 57. Kd5 Bf4 58. Rg8 Rd6+ 59. Kc5 h4 60. Rf8 Rf6 61. Rg8 Be3+ 62. Kd5 Bf4 63. Rh8 Bg3 64. b4 Kg4 65. b5 g5 66. Kd4 h3 67. Kd3 h2 68. Bd5 Rf2 69. Be6+ Kf4 70. Bd5 Ke5 71. Bc6 g4 72. Re8+ Kd6 73. Rd8+ Kc7 74. Rg8 Rf3+ 75. Bxf3 gxf3 76. Rh8 Kb6 77. Ke3 Kxb5 78. Kxf3 Be5 79. Kg2 Bxh8 0-1


[Site "https://www.chess.com"]

[Event "Titled Tuesday Blitz January 18 2022"]
[White "Leiva, Gianmarco"]
[Black "Guseva, Marina"]
[WhiteFideId "3804399"]
[BlackFideId "4149351"]
[WhiteElo "2328"]
[BlackElo "2232"]
[Result "1-0"]
[Round "03"]
[TimeControl "180+1"]
[Date "2022.01.18"]
[WhiteClock "0:00:06"]
[BlackClock "0:00:02"]

1. e4 c5 2. Nf3 d6 3. d4 cxd4 4. Nxd4 Nf6 5. Nc3 a6 6. a3 e5 7. Nf5 d5 8. Bg5 d4 9. Bxf6 gxf6 10. Ne2 Bxf5 11. exf5 Qd5 12. Qd3 Nd7 13. Nc3 Qa5 14. O-O-O Nc5 15. Qf3 dxc3 16. Bc4 cxb2+ 17. Kb1 Na4 18. Rd3 Qc7 19. Rhd1 Nc5 20. Rd5 Be7 21. Qh5 O-O 22. Re1 Kh8 23. Re3 Rg8 24. Qxf7 Rg7 25. Qh5 Na4 26. Bb3 Nc3+ 27. Kxb2 Nxd5 28. Bxd5 Rd8 29. Rc3 Qb6+ 30. Bb3 Qd4 31. Qh3 Bc5 32. Ka2 Bb6 33. Rd3 Qc5 34. Rxd8+ Bxd8 35. Qd3 Qc7 36. Qd5 Be7 37. Qe6 Qd6 38. Qc8+ Bf8 39. g3 Qxa3+ 40. Kb1 Qc5 41. Qd8 Qd6 42. Qc8 Rc7 43. Qe8 Qe7 44. Qa4 b5 45. Qg4 Bg7 46. Qh5 Qf8 47. Qf3 a5 48. Qd5 a4 49. Ba2 b4 50. Bc4 b3 51. cxb3 axb3 52. Bxb3 Qb8 53. h4 Rb7 54. Kc2 Rxb3 55. Qxb3 Qxb3+ 56. Kxb3 Bf8 57. Kc4 Kg7 58. g4 Kf7 59. Kd5 Bb4 60. Ke4 Bd2 61. g5 Ke7 62. f3 Bf4 63. g6 Kf8 64. h5 Kg7 65. Kd5 h6 66. Ke6 Bd2 67. Kd5 Bb4 68. Kc4 Be1 69. Kd5 Kf8 70. Ke6 Bh4 71. Kd5 Ke7 72. Kc6 Bg5 73. Kd5 Bc1 74. Kc4 Ba3 75. Kd3 Ke8 76. Kc4 Bf8 77. Kd5 Kd7 78. Kc4 Kc6 79. Kc3 Kd5 80. Kd3 Kc5 81. Kc3 Kd5 82. Kd3 Bg7 83. Kd2 e4 84. Ke3 1-0


[Site "https://www.chess.com"]

[Event "Titled Tuesday Blitz January 18 2022"]
[White "Ljukin, Sergei"]
[Black "Rastbod, Ali"]
[WhiteFideId "14102200"]
[BlackFideId "12567477"]
[WhiteElo "2312"]
[BlackElo "2200"]
[Result "1-0"]
[Round "03"]
[TimeControl "180+1"]
[Date "2022.01.18"]
[WhiteClock "0:00:07"]
[BlackClock "0:00:06"]

1. e4 e6 2. d4 d5 3. Nc3 Nc6 4. Nf3 Nf6 5. e5 Ne4 6. Bd3 Bb4 7. Bd2 Nxd2 8. Qxd2 f6 9. a3 Bxc3 10. Qxc3 fxe5 11. dxe5 O-O 12. O-O-O a6 13. h4 h6 14. Qd2 Rxf3 15. gxf3 Nxe5 16. Rdg1 Qf6 17. f4 Nf3 18. Qe3 Nxg1 19. Rxg1 Bd7 20. Rg6 Qf7 21. Qe5 c6 22. h5 Rf8 23. Kb1 Qe7 24. Ka2 Rf6 25. Rg4 Be8 26. Qb8 Rf8 27. Qe5 Qf6 28. Qc7 Bxh5 29. Rg3 Qf7 30. Qb6 Kh8 31. Qd4 Qf6 32. Qb6 Qf7 33. Qd4 b5 34. Rh3 Bd1 35. Rxh6+ Kg8 36. Bh7+ Kh8 37. Bg6+ Kg8 38. Bxf7+ Kxf7 39. Rh4 Bxc2 40. Rg4 g6 41. Qe5 Bf5 42. Rh4 1-0


[Site "https://www.chess.com"]

[Event "Titled Tuesday Blitz January 18 2022"]
[White "Lopez Del Alamo, Antonio"]
[Black "Nigmatov, Ortik"]
[WhiteFideId "2227339"]
[BlackFideId "14202131"]
[WhiteElo "2082"]
[BlackElo "2378"]
[Result "0-1"]
[Round "03"]
[TimeControl "180+1"]
[Date "2022.01.18"]
[WhiteClock "0:00:13"]
[BlackClock "0:00:29"]

1. e4 c5 2. Nf3 d6 3. d4 cxd4 4. Nxd4 Nf6 5. Nc3 e6 6. Be2 Be7 7. O-O O-O 8. f4 Nc6 9. Be3 e5 10. Nb3 exf4 11. Bxf4 Be6 12. Bf3 Ne5 13. Nd5 Bxd5 14. exd5 Nfd7 15. Kh1 Bg5 16. Bg3 Bh4 17. Bf4 Bg5 18. Bg3 g6 19. Nd4 Rc8 20. b3 Qb6 21. c4 Rfe8 22. Bg4 Rcd8 23. Bxd7 Nxd7 24. Qg4 Bf6 25. Rad1 Ne5 26. Bxe5 Bxe5 27. Nf3 f5 28. Qg5 Qc7 29. Nxe5 Rxe5 30. Rde1 Rde8 31. Rxe5 Rxe5 32. g4 fxg4 33. Qf6 Qe7 34. Qxe7 Rxe7 35. Rf6 Re1+ 36. Kg2 Re2+ 37. Kg3 Rxa2 38. Rxd6 Rb2 39. Rd8+ Kg7 40. Rd7+ Kf6 41. Rxb7 h5 42. c5 Kg5 43. h4+ gxh3 44. Kxh3 Kf4 45. c6 g5 46. c7 g4+ 47. Kh4 Rh2# 0-1


[Site "https://www.chess.com"]

[Event "Titled Tuesday Blitz January 18 2022"]
[White "Lugovskoy, Maxim"]
[Black "Nesterov, Arseniy"]
[WhiteFideId "24126454"]
[BlackFideId "24198455"]
[WhiteElo "2444"]
[BlackElo "2489"]
[Result "0-1"]
[Round "03"]
[TimeControl "180+1"]
[Date "2022.01.18"]
[WhiteClock "0:00:43"]
[BlackClock "0:00:17"]

1. e4 e5 2. Nf3 Nc6 3. Nc3 Nf6 4. d4 exd4 5. Nxd4 Nxe4 6. Nxe4 Qe7 7. f3 d5 8. Bb5 Bd7 9. Bxc6 bxc6 10. O-O dxe4 11. Re1 f5 12. f4 c5 13. Nb3 c4 14. Nd4 g6 15. Be3 Bg7 16. c3 c5 17. Nc2 Be6 18. Qe2 O-O 19. Na3 Qf7 20. Bxc5 Rfd8 21. Rad1 Rd3 22. Nb5 Qb7 23. Nd4 Bf7 24. Kh1 Qc7 25. Ba3 Qxf4 26. Rf1 Qe5 27. Rde1 Qd5 28. Qf2 Re8 29. Qf4 e3 30. Nc2 Rd2 31. Rg1 Rxc2 32. Rxe3 Rxe3 33. Qxe3 h5 34. Qxa7 Qe4 35. Qb8+ Kh7 36. h3 Bd5 37. Qg3 Be5 38. Qg5 Bf6 39. Qg3 f4 0-1


[Site "https://www.chess.com"]

[Event "Titled Tuesday Blitz January 18 2022"]
[White "Mabusela, Johannes Manyedi"]
[Black "Kamsky, Gata"]
[WhiteFideId "14300702"]
[BlackFideId "2000024"]
[WhiteElo "2276"]
[BlackElo "2645"]
[Result "0-1"]
[Round "03"]
[TimeControl "180+1"]
[Date "2022.01.18"]
[WhiteClock "0:00:34"]
[BlackClock "0:00:46"]

1. d4 f5 2. Nc3 Nf6 3. Bg5 d5 4. e3 e6 5. Bd3 Be7 6. Nge2 O-O 7. f3 b6 8. Qd2 c5 9. Ng3 Nc6 10. Bb5 Bd7 11. Nce2 Na5 12. Bxd7 Qxd7 13. b3 Nc6 14. c3 h6 15. Bxf6 Bxf6 16. O-O e5 17. dxe5 Bxe5 18. Rad1 Rad8 19. Nf4 Bxf4 20. exf4 d4 21. cxd4 Qxd4+ 22. Qxd4 Nxd4 23. Kf2 g6 24. Ne2 Ne6 25. g3 Kf7 26. Nc1 Rxd1 27. Rxd1 Rd8 28. Rxd8 Nxd8 29. Nd3 Kf6 30. Ne5 g5 31. Nd3 gxf4 32. Nxf4 Nc6 33. Nd3 Ne7 34. Ke3 Nd5+ 35. Kd2 h5 36. a3 Kg5 37. Nf2 f4 38. Ne4+ Kf5 39. Nd6+ Ke5 40. Nc8 a6 41. Kd3 b5 42. Na7 Ne7 43. a4 fxg3 44. hxg3 bxa4 45. bxa4 Kd5 46. Ke3 c4 47. g4 h4 48. f4 h3 49. Kf3 c3 50. f5 c2 51. f6 Ng6 52. Nc8 Ke6 53. Nb6 c1=Q 54. f7 Kxf7 55. Nd5 h2 0-1


[Site "https://www.chess.com"]

[Event "Titled Tuesday Blitz January 18 2022"]
[White "Macovei, Andrei"]
[Black "Wahedi, Ahmad Siar"]
[WhiteFideId "13904680"]
[BlackFideId "4651260"]
[WhiteElo "2410"]
[BlackElo "2467"]
[Result "1-0"]
[Round "03"]
[TimeControl "180+1"]
[Date "2022.01.18"]
[WhiteClock "0:00:36"]
[BlackClock "0:00:01"]

1. e4 Nf6 2. e5 Nd5 3. d4 Nb6 4. c4 d6 5. exd6 exd6 6. Nc3 Nc6 7. h3 Bf5 8. Nf3 Be7 9. Be2 O-O 10. O-O d5 11. c5 Nc8 12. Qb3 Bf6 13. Be3 Be4 14. Qxb7 N8e7 15. Nxe4 dxe4 16. Ne5 Bxe5 17. dxe5 Rb8 18. Qa6 Rxb2 19. Rfd1 Qb8 20. e6 f5 21. Bg5 h6 22. Bxe7 Nxe7 23. Rd7 Re8 24. Rad1 f4 25. Bh5 Rf8 26. Rxe7 e3 27. Bf7+ Kh8 28. fxe3 fxe3 29. Re1 c6 30. Qf1 Rf2 31. Qxf2 exf2+ 32. Kxf2 Qb2+ 33. Kg1 Qd4+ 34. Kh1 Qxc5 35. Rd7 Qb4 36. Red1 g5 37. e7 Rb8 38. e8=Q+ Rxe8 39. Bxe8 c5 40. Bh5 c4 41. Rf7 Qb6 42. Re1 Qc6 43. Bf3 Qa4 44. Rd1 Qa5 45. Re7 c3 46. Rd6 1-0


[Site "https://www.chess.com"]

[Event "Titled Tuesday Blitz January 18 2022"]
[White "Maghsoodloo, Parham"]
[Black "Mokshanov, Alexey"]
[WhiteFideId "12539929"]
[BlackFideId "24121657"]
[WhiteElo "2630"]
[BlackElo "2141"]
[Result "1-0"]
[Round "03"]
[TimeControl "180+1"]
[Date "2022.01.18"]
[WhiteClock "0:01:04"]
[BlackClock "0:00:34"]

1. e4 e6 2. d4 d5 3. Nc3 Nf6 4. e5 Nfd7 5. f4 c5 6. Nf3 Nc6 7. Be3 Be7 8. Qd2 O-O 9. dxc5 Bxc5 10. O-O-O Qa5 11. Bxc5 Nxc5 12. Kb1 Rb8 13. Bd3 b5 14. Ne2 b4 15. Nc1 Ba6 16. Nb3 Nxb3 17. cxb3 Bxd3+ 18. Qxd3 Rb6 19. Ka1 Ra6 20. Qb1 Qc5 21. Rhe1 h6 22. f5 Rb8 23. fxe6 fxe6 24. Rc1 Qe7 25. Qd3 Rab6 26. Rc2 Qe8 27. Rec1 a5 28. g4 Ra8 29. Kb1 a4 30. bxa4 b3 31. axb3 Nb4 32. Qd4 Rxa4 33. Rc8 1-0


[Site "https://www.chess.com"]

[Event "Titled Tuesday Blitz January 18 2022"]
[White "Martin Duque, Jesus"]
[Black "Svane, Frederik"]
[WhiteFideId "2208954"]
[BlackFideId "12923044"]
[WhiteElo "2243"]
[BlackElo "2459"]
[Result "0-1"]
[Round "03"]
[TimeControl "180+1"]
[Date "2022.01.18"]
[WhiteClock "0:00:32"]
[BlackClock "0:00:06"]

1. Nf3 Nf6 2. b3 g6 3. Bb2 Bg7 4. g3 O-O 5. Bg2 b6 6. O-O Bb7 7. e3 c5 8. Qe2 Nc6 9. Rd1 d5 10. d4 cxd4 11. Nxd4 Nxd4 12. Bxd4 Qc7 13. Nc3 Rfd8 14. Nb5 Qc8 15. Be5 a6 16. Nd4 b5 17. Rac1 Ne4 18. Bxe4 Bxe5 19. Bg2 Qc3 20. Qd3 Qa5 21. a4 bxa4 22. Ra1 Rac8 23. Rxa4 Qb6 24. h4 e6 25. h5 Rc5 26. hxg6 hxg6 27. Bh3 Kg7 28. Nxe6+ fxe6 29. Rg4 Kf7 30. Qxg6+ Ke7 31. Rh4 Kd7 32. Rh7+ Kc8 33. Bxe6+ Kb8 34. Qf7 Rc7 35. Qf5 Rxh7 36. Qxe5+ Qc7 37. Qf5 d4 38. e4 Rdh8 39. Kg2 Rh2+ 40. Kf3 Qc3+ 41. Rd3 Qxc2 42. Qe5+ Ka8 43. Qxd4 Rxf2+ 44. Kg4 Rff8 45. Rc3 Qxe4+ 46. Qxe4 Bxe4 47. Rc7 Bf3+ 48. Kg5 Rh5+ 49. Kg6 Rb5 50. g4 Re8 51. Kf6 Rxe6+ 52. Kxe6 Bxg4+ 53. Kd6 Rb6+ 54. Rc6 Kb7 55. Rxb6+ Kxb6 56. Kd5 Kb5 57. Kd4 Kb4 58. Kd3 Kxb3 0-1


[Site "https://www.chess.com"]

[Event "Titled Tuesday Blitz January 18 2022"]
[White "Nakamura, Hikaru"]
[Black "Maksimovic, Bojan"]
[WhiteFideId "2016192"]
[BlackFideId "14408120"]
[WhiteElo "2850"]
[BlackElo "2450"]
[Result "1-0"]
[Round "03"]
[TimeControl "180+1"]
[Date "2022.01.18"]
[WhiteClock "0:00:30"]
[BlackClock "0:00:01"]

1. Nf3 Nf6 2. b3 g6 3. Bb2 Bg7 4. d4 d6 5. e3 O-O 6. Be2 e5 7. dxe5 Nfd7 8. c4 dxe5 9. Nc3 Na6 10. O-O Nac5 11. b4 Ne6 12. Qc2 f5 13. c5 e4 14. Bc4 exf3 15. Bxe6+ Kh8 16. Rfd1 Qg5 17. g3 Ne5 18. Bxc8 Raxc8 19. Nd5 Qh6 20. Rd2 g5 21. Qd1 Rcd8 22. Bxe5 Bxe5 23. Rb1 g4 24. h4 c6 25. Nf4 Qf6 26. Nd3 Bb8 27. Qc2 Rd5 28. Rbd1 Rfd8 29. Nb2 Qe5 30. Nc4 Qe4 31. Qxe4 fxe4 32. Rxd5 cxd5 33. Na5 Rd7 34. b5 b6 35. c6 Re7 36. Rxd5 Bxg3 37. fxg3 bxa5 38. Rd7 Rg7 39. Rd8+ 1-0


[Site "https://www.chess.com"]

[Event "Titled Tuesday Blitz January 18 2022"]
[White "Nazari, Arad"]
[Black "Perez Ponsa, Federico"]
[WhiteFideId "12577324"]
[BlackFideId "117927"]
[WhiteElo "2120"]
[BlackElo "2672"]
[Result "1-0"]
[Round "03"]
[TimeControl "180+1"]
[Date "2022.01.18"]
[WhiteClock "0:01:09"]
[BlackClock "0:01:25"]

1. Nf3 Nf6 2. g3 g6 3. Bg2 Bg7 4. O-O O-O 5. c4 d6 6. Nc3 c6 7. d3 d5 8. Qc2 d4 9. Nd1 a5 10. Rb1 Nfd7 11. b3 Na6 12. a3 e5 13. e3 Re8 14. Re1 Nac5 15. b4 axb4 16. axb4 Ne6 17. c5 dxe3 18. Bxe3 Nf6 19. Nb2 Nd5 20. Nc4 Nxe3 21. Rxe3 Nd4 22. Nxd4 Qxd4 23. Rbe1 Be6 24. Nd6 Re7 25. Re4 Ra2 26. Qxa2 1-0


[Site "https://www.chess.com"]

[Event "Titled Tuesday Blitz January 18 2022"]
[White "Nenezic, Marko"]
[Black "Sviridov, Valery"]
[WhiteFideId "912123"]
[BlackFideId "4120680"]
[WhiteElo "2484"]
[BlackElo "2454"]
[Result "1/2-1/2"]
[Round "03"]
[TimeControl "180+1"]
[Date "2022.01.18"]
[WhiteClock "0:00:28"]
[BlackClock "0:00:55"]

1. Nf3 Nf6 2. c4 c5 3. Nc3 g6 4. e4 Bg7 5. d4 cxd4 6. Nxd4 O-O 7. Be2 Nc6 8. Be3 d6 9. O-O Bd7 10. Nc2 a5 11. f3 Be6 12. Qd2 Nd7 13. Rab1 Nc5 14. Nd5 a4 15. b4 axb3 16. axb3 Ra2 17. b4 Na4 18. Rb3 Bd7 19. Rc1 Re8 20. Bg5 Nd4 21. Ra3 Nxe2+ 22. Qxe2 Rxa3 23. Nxa3 Bb2 24. Rb1 Bxa3 25. Qa2 Nb6 26. Qxa3 Nxc4 27. Qc3 b5 28. Bxe7 Rxe7 29. Nf6+ Kf8 30. Nxh7+ Kg8 31. Nf6+ Kf8 32. Nh7+ Kg8 33. Nf6+ Kf8 34. Nh7+ 1/2-1/2


[Site "https://www.chess.com"]

[Event "Titled Tuesday Blitz January 18 2022"]
[White "Nguyen Hong Nhung"]
[Black "Remizov, Yaroslav"]
[WhiteFideId "12412201"]
[BlackFideId "34134015"]
[WhiteElo "1661"]
[BlackElo "2360"]
[Result "1-0"]
[Round "03"]
[TimeControl "180+1"]
[Date "2022.01.18"]
[WhiteClock "0:00:06"]
[BlackClock "0:00:01"]

1. e4 a6 2. d4 b6 3. Bd3 c6 4. f4 d6 5. Nf3 Ra7 6. O-O e6 7. Nc3 f6 8. e5 dxe5 9. fxe5 f5 10. g4 g6 11. gxf5 exf5 12. Be3 Ne7 13. Qd2 Be6 14. Rae1 Nd5 15. Nxd5 Bxd5 16. c4 Bxf3 17. Rxf3 Bg7 18. Bc2 O-O 19. Bg5 Qc8 20. Bb3 Kh8 21. d5 cxd5 22. cxd5 Nd7 23. e6 Ne5 24. Rh3 Qc5+ 25. Be3 Qd6 26. Bf4 g5 27. Bxg5 Bf6 28. Bf4 Rg7+ 29. Kh1 Rfg8 30. Qe2 Qc5 31. Rxh7+ Rxh7 32. Bxe5 Rh6 33. Bxf6+ Kh7 34. Be5 Qb4 35. Bc3 Qh4 36. Bc2 Rg5 37. Bd2 Rgh5 38. Bxh6 Kxh6 39. Qe3+ Rg5 40. Qe2 f4 41. Rg1 f3 42. Qd2 f2 43. Rxg5 1-0


[Site "https://www.chess.com"]

[Event "Titled Tuesday Blitz January 18 2022"]
[White "Nyzhnyk, Illya"]
[Black "Ezat, Mohamed"]
[WhiteFideId "14118084"]
[BlackFideId "10600906"]
[WhiteElo "2694"]
[BlackElo "2386"]
[Result "1-0"]
[Round "03"]
[TimeControl "180+1"]
[Date "2022.01.18"]
[WhiteClock "0:01:34"]
[BlackClock "0:01:04"]

1. c4 Nf6 2. Nc3 g6 3. Nf3 Bg7 4. g3 O-O 5. Bg2 d6 6. O-O Nc6 7. d4 Bg4 8. h3 Bxf3 9. Bxf3 Nd7 10. e3 e5 11. dxe5 dxe5 12. Qc2 Nc5 13. Rd1 Qc8 14. Bg2 Qe6 15. Nd5 Rac8 16. a3 e4 17. Rb1 f5 18. b4 Nd3 19. Nf4 Nxf4 20. gxf4 g5 21. c5 gxf4 22. exf4 Nd4 23. Qd2 Rcd8 24. Qe3 Qg6 25. Kh1 Nf3 26. Bxf3 exf3 27. Rg1 Rd1 28. Qb3+ Kh8 29. Qxd1 Qh5 30. Rg3 Re8 31. Be3 Bf6 32. Qxf3 1-0


[Site "https://www.chess.com"]

[Event "Titled Tuesday Blitz January 18 2022"]
[White "Obolenskikh, Dmitry"]
[Black "Hardaway, Brewington"]
[WhiteFideId "4156013"]
[BlackFideId "30941849"]
[WhiteElo "2512"]
[BlackElo "1768"]
[Result "1-0"]
[Round "03"]
[TimeControl "180+1"]
[Date "2022.01.18"]
[WhiteClock "0:00:34"]
[BlackClock "0:00:27"]

1. Nf3 e5 2. Nxe5 Nf6 3. d4 d5 4. Bf4 c5 5. c3 Qb6 6. Qb3 Qa5 7. e3 c4 8. Qc2 g6 9. Nd2 Bf5 10. Qc1 Nc6 11. h3 Nd8 12. Be2 Ne6 13. Bh2 h5 14. b4 cxb3 15. axb3 Qb6 16. c4 Bb4 17. c5 Qd8 18. O-O Kf8 19. Bd3 Ne4 20. Nxe4 dxe4 21. Bb5 Kg7 22. Qc4 a5 23. c6 Qg5 24. Bf4 Qe7 25. cxb7 Rag8 26. b8=Q Rxb8 27. Nc6 Qh4 28. Bxb8 Bxh3 29. Be5+ Kh6 30. gxh3 Qxh3 31. Rfc1 Qg4+ 32. Kf1 Qh3+ 33. Kg1 Qg4+ 34. Bg3 Ng5 35. Ne5 Nf3+ 36. Nxf3 exf3 37. Qxf7 Rf8 38. Bd7 Qxg3+ 39. fxg3 f2+ 40. Qxf2 1-0


[Site "https://www.chess.com"]

[Event "Titled Tuesday Blitz January 18 2022"]
[White "Pajeken, Jakob Leon"]
[Black "Stoleriu, George"]
[WhiteFideId "12942839"]
[BlackFideId "1227505"]
[WhiteElo "2351"]
[BlackElo "2203"]
[Result "0-1"]
[Round "03"]
[TimeControl "180+1"]
[Date "2022.01.18"]
[WhiteClock "0:00:07"]
[BlackClock "0:01:41"]

1. d4 e6 2. Nf3 b6 3. e4 Bb7 4. Bd3 d5 5. exd5 exd5 6. O-O Be7 7. a4 a5 8. Ne5 Nf6 9. Qf3 O-O 10. Nc3 c5 11. Bg5 Nc6 12. Nxc6 Bxc6 13. Bb5 Bxb5 14. Nxb5 Ne4 15. Bxe7 Qxe7 16. Rfe1 Rfe8 17. c4 Nd2 18. Qd1 Qg5 19. Rxe8+ Rxe8 20. dxc5 bxc5 21. Nc7 Re1+ 22. Qxe1 Nf3+ 23. Kf1 Nxe1 24. Rxe1 h5 25. cxd5 Qf4 26. Ne8 Qc4+ 27. Kg1 Qxd5 28. Nc7 Qb3 29. Na6 c4 30. h3 Qxb2 31. Nc7 c3 32. Nd5 c2 0-1


[Site "https://www.chess.com"]

[Event "Titled Tuesday Blitz January 18 2022"]
[White "Pakleza, Zbigniew"]
[Black "Kaufman, Raymond"]
[WhiteFideId "1119290"]
[BlackFideId "2015056"]
[WhiteElo "2467"]
[BlackElo "2321"]
[Result "1-0"]
[Round "03"]
[TimeControl "180+1"]
[Date "2022.01.18"]
[WhiteClock "0:02:20"]
[BlackClock "0:01:47"]

1. d4 Nf6 2. Nf3 d5 3. Bf4 e6 4. e3 c5 5. c3 Nc6 6. Nbd2 Bd6 7. Bg3 b6 8. Bb5 Bb7 9. Qa4 Qc7 10. Bxd6 Qxd6 11. Ne5 Rc8 12. Qxa7 Rc7 13. Qxb6 Nd7 14. Nxd7 Rxd7 15. Qxc5 1-0


[Site "https://www.chess.com"]

[Event "Titled Tuesday Blitz January 18 2022"]
[White "Papasimakopoulos, Alexandros"]
[Black "Indjic, Aleksandar"]
[WhiteFideId "4244125"]
[BlackFideId "911925"]
[WhiteElo "2340"]
[BlackElo "2616"]
[Result "0-1"]
[Round "03"]
[TimeControl "180+1"]
[Date "2022.01.18"]
[WhiteClock "0:00:08"]
[BlackClock "0:00:14"]

1. d4 Nf6 2. c4 c5 3. d5 e6 4. Nc3 exd5 5. cxd5 d6 6. Nf3 g6 7. Bf4 Bg7 8. Qa4+ Bd7 9. Qb3 O-O 10. Qxb7 Qa5 11. Nd2 Qb4 12. Qxa8 Qxf4 13. Qxa7 Ng4 14. Nf3 Qb4 15. Rd1 Qxb2 16. Ne4 Re8 17. Ned2 Bd4 18. e3 Bxe3 19. fxe3 Qc3 20. Be2 Qxe3 21. Ne4 Rxe4 22. Qxb8+ Be8 23. Rd2 Rb4 24. Qxd6 Ba4 25. Qg3 Rb1+ 26. Rd1 Rxd1# 0-1


[Site "https://www.chess.com"]

[Event "Titled Tuesday Blitz January 18 2022"]
[White "Perez Gormaz, Matias"]
[Black "Omariev, Maksim"]
[WhiteFideId "3406342"]
[BlackFideId "4193423"]
[WhiteElo "2352"]
[BlackElo "2498"]
[Result "1-0"]
[Round "03"]
[TimeControl "180+1"]
[Date "2022.01.18"]
[WhiteClock "0:01:00"]
[BlackClock "0:00:10"]

1. e4 c5 2. Nf3 d6 3. d4 cxd4 4. Nxd4 Nf6 5. Nc3 a6 6. Bg5 Nbd7 7. Bc4 h6 8. Bxf6 Nxf6 9. Qe2 e6 10. O-O-O Qc7 11. Bb3 Be7 12. f4 b5 13. e5 dxe5 14. fxe5 Nd7 15. Bxe6 O-O 16. Nd5 Bg5+ 17. Kb1 Qxe5 18. Qxe5 Nxe5 19. Bxc8 Raxc8 20. h4 Bd8 21. Nf5 Kh7 22. Rhe1 f6 23. h5 Rc4 24. g3 Ba5 25. c3 Rfc8 26. Nd6 R8c5 27. Nxc4 Rxc4 28. Nf4 b4 29. Rd5 bxc3 30. Rxa5 c2+ 31. Kc1 Rxf4 32. gxf4 Nd3+ 33. Kxc2 Nxe1+ 34. Kd2 Ng2 35. f5 Nf4 36. Rxa6 Nxh5 37. b4 Ng3 38. Ra5 h5 39. Ke3 h4 40. Kf3 Kh6 41. Kg4 g5 42. fxg6 Kxg6 43. Kxh4 Ne4 44. Ra8 Nc3 45. a4 Kf5 46. b5 Ke6 47. b6 1-0


[Site "https://www.chess.com"]

[Event "Titled Tuesday Blitz January 18 2022"]
[White "Petrovskyi, Vadym"]
[Black "Sadykov, Ramil"]
[WhiteFideId "14165210"]
[BlackFideId "24113590"]
[WhiteElo "2424"]
[BlackElo "2300"]
[Result "1-0"]
[Round "03"]
[TimeControl "180+1"]
[Date "2022.01.18"]
[WhiteClock "0:00:22"]
[BlackClock "0:00:01"]

1. e4 c5 2. Nf3 e6 3. d4 cxd4 4. Nxd4 Nf6 5. Nc3 Nc6 6. Ndb5 Bb4 7. a3 Bxc3+ 8. Nxc3 d5 9. exd5 exd5 10. Bd3 O-O 11. O-O d4 12. Ne2 Bg4 13. f3 Bh5 14. Nf4 Bg6 15. Nxg6 hxg6 16. f4 Ne7 17. Qf3 Qd7 18. Bd2 Rfe8 19. Rae1 Nf5 20. Re5 a6 21. Rfe1 Rxe5 22. fxe5 Nd5 23. Be4 Rd8 24. Bg5 f6 25. exf6 gxf6 26. Bxd5+ Qxd5 27. Qxd5+ Rxd5 28. Bxf6 Ne3 29. Rc1 Kf7 30. Bh4 Nc4 31. Bf2 Nxb2 32. Rb1 d3 33. cxd3 Rxd3 34. h4 Rd1+ 35. Rxd1 Nxd1 36. Bd4 Ke6 37. g4 Kd5 38. h5 gxh5 39. gxh5 Kxd4 40. h6 Kc4 41. h7 Kb3 42. h8=Q Nc3 43. Qf6 Nb5 44. Qf3+ Ka4 45. Qxb7 a5 46. Qc6 1-0


[Site "https://www.chess.com"]

[Event "Titled Tuesday Blitz January 18 2022"]
[White "Piorun, Kacper"]
[Black "De Silva, L M S T"]
[WhiteFideId "1130420"]
[BlackFideId "9953698"]
[WhiteElo "2571"]
[BlackElo "1631"]
[Result "1-0"]
[Round "03"]
[TimeControl "180+1"]
[Date "2022.01.18"]
[WhiteClock "0:00:07"]
[BlackClock "0:00:36"]

1. d4 Nf6 2. Bg5 e6 3. e4 h6 4. Bxf6 Qxf6 5. c3 d6 6. Bd3 g6 7. Ne2 Bg7 8. O-O Qe7 9. f4 e5 10. Nd2 Nd7 11. Nf3 O-O 12. Qd2 b6 13. Rae1 Bb7 14. Ng3 Rae8 15. Bc4 Kh7 16. Kh1 c5 17. dxe5 dxe5 18. f5 Nf6 19. Qe2 Rd8 20. a4 Rd6 21. Nh4 g5 22. Nf3 Rfd8 23. h3 g4 24. hxg4 Nxg4 25. f6 Rxf6 26. Nf5 Rxf5 27. exf5 Bxf3 28. Qxf3 Qh4+ 29. Qh3 Nf2+ 30. Rxf2 Qxf2 31. Rf1 Qc2 32. f6 Bf8 33. Bxf7 Qd3 34. Rf3 Qb1+ 35. Kh2 Bd6 36. Qg4 Bf8 37. Qg8# 1-0


[Site "https://www.chess.com"]

[Event "Titled Tuesday Blitz January 18 2022"]
[White "Plotkin, Mark"]
[Black "Skatchkov, Valery"]
[WhiteFideId "2611651"]
[BlackFideId "24195812"]
[WhiteElo "2178"]
[BlackElo "2196"]
[Result "1-0"]
[Round "03"]
[TimeControl "180+1"]
[Date "2022.01.18"]
[WhiteClock "0:01:04"]
[BlackClock "0:00:01"]

1. e4 e5 2. f4 d5 3. exd5 exf4 4. c4 Nf6 5. d4 c6 6. Bxf4 cxd5 7. c5 Nc6 8. Nf3 Bg4 9. Be2 Be7 10. O-O O-O 11. Nc3 Ne4 12. Kh1 Bf6 13. h3 Bxf3 14. Bxf3 Re8 15. Bxe4 dxe4 16. d5 Nb4 17. Bd6 b6 18. Qb3 bxc5 19. Bxc5 Bxc3 20. bxc3 Nd3 21. Bd4 Rb8 22. Qc4 Rc8 23. Qb3 Rb8 24. Qc4 Rc8 25. Qb5 a6 26. Qb7 Re7 27. Qxa6 Rec7 28. Rf5 Qd7 29. Raf1 Rb7 30. Rxf7 Ra7 31. Qxa7 1-0


[Site "https://www.chess.com"]